 Dungeon Crawl Stone Soup version 0.23.1 (webtiles) character file.

Game seed: 10055473372383630164

291 Freyura the Sneak (level 6, 0/47 HPs)
             Began as a Vampire Assassin on Mar 11, 2019.
             Slain by a gnoll
             ... wielding a +2 halberd of venom
              (9 damage)
             ... on level 4 of the Dungeon.
             The game lasted 00:12:19 (3518 turns).

Freyura the Sneak (Vampire Assassin)                Turns: 3518, Time: 00:12:20

Health: 0/47       AC:  4    Str: 10    XL:     6   Next: 10%
Magic:  6/6        EV: 13    Int: 13    God:
Gold:   110        SH:  0    Dex: 18    Spells: 5/5 levels left

rFire    . . .     SeeInvis +   b - +0 blowgun
rCold    + . .     Gourm    .   (no shield)
rNeg     + + .     Faith    .   c - +0 robe
rPois    +         Spirit   .   (no helmet)
rElec    .         Reflect  .   d - +0 cloak
rCorr    .         Harm     .   p - +0 pair of gloves
MR       .....                  (no boots)
Stlth    +++++.....             (no amulet)
HPRegen  0.07/turn              (no ring)
MPRegen  0.10/turn              (no ring)

@: regenerating slowly
A: fangs 3, see invisible, unbreathing
a: Bat Form


You were on level 4 of the Dungeon.
You were near bloodless.

You visited 1 branch of the dungeon, and saw 4 of its levels.

You collected 110 gold pieces.

Inventory:

Hand Weapons
 a - a +2 dagger
 b - a +0 blowgun (weapon)
Missiles
 e - 6 poisoned needles (quivered)
 f - a curare-tipped needle
Armour
 c - a +0 robe (worn)
 d - a +0 cloak (worn)
 p - a +0 pair of gloves (worn)
Magical Staves
 v - an uncursed staff of summoning {unknown}
Jewellery
 w - an uncursed ring of protection from magic {unknown}
Scrolls
 h - 2 scrolls of magic mapping {unknown}
 j - a scroll of fear {unknown}
 m - 3 scrolls of identify
 n - a scroll of fog {unknown}
 o - a scroll of random uselessness {unknown}
 q - a scroll of remove curse
 s - 3 scrolls of teleportation {unknown}
 u - a scroll of noise {unknown}
Potions
 g - 24 potions of blood
 i - a potion of agility {unknown}
 k - 2 potions of curing {unknown}
 l - 2 potions of magic {unknown}
 r - 2 potions of flight {unknown}
 t - a potion of invisibility {unknown}
 x - a potion of lignification {unknown}


   Skills:
 + Level 3.0 Fighting
 * Level 4.6 Short Blades
 - Level 1.7 Throwing
 + Level 2.8 Dodging
 + Level 7.6 Stealth


You had 5 spell levels left.
You didn't know any spells.
Your spell library was empty.

Dungeon Overview and Level Annotations

Branches:
Dungeon (4/15)
 Temple: D:4-7

Altars:
Elyvilon
Fedhas
Gozag


Innate Abilities, Weirdness & Mutations

You heal slowly.
You have razor-sharp teeth.
You have supernaturally acute eyesight. (SInv)
You can survive without breathing.


Message History

Okay, then.
The gnoll hits you from afar with a +0 spear!
* * * LOW HITPOINT WARNING * * *
The gnoll looks more healthy.
Fire/throw which item? (* to show all) (? for menu, Esc to quit)
Firing (i - inventory. (/) - cycle)
e - 7 poisoned needles (quivered)
Press: ? - help, Shift-Dir - straight line, f - gnoll
Aim: a gnoll, wielding a +2 halberd of venom You shoot a poisoned needle.
The poisoned needle hits the gnoll.
The gnoll is poisoned.
Fire/throw which item? (* to show all) (? for menu, Esc to quit)
Firing (i - inventory. (/) - cycle)
e - 6 poisoned needles (quivered)
Press: ? - help, Shift-Dir - straight line, f/p - gnoll
Aim: a gnoll, wielding a +2 halberd of venom (poisoned)
You shoot a curare-tipped needle.
The curare-tipped needle hits the gnoll.
The gnoll looks even sicker.
The gnoll convulses.
The gnoll seems to slow down.
The gnoll is severely wounded.
The gnoll hits you from afar with a +2 halberd of venom!
You die...

##.#.## #.......# ##.## #..#.#
####.#### ###(# #.......# #.#
#.##.##.# ###.###.# #
###.##.##.######..gg.(.# ##
....##...........#(##### #.
###.#####.########g# #.
###.#####.# #@..# ###.
.##.......# #.### #...
....####.## #.# ####...
....####.# ##.## #......
.......#.# #...# #.##...
....##.#.#### #...# #.##...
†...........# #...# #####......
.##[...####.###...#####.....)###.
.##.#..####...........#.#...%# #.


You could see a gnoll.

Vanquished Creatures
  An ice beast (D:2)
  A hound (D:4)
  An iguana (D:4)
  6 adders
  2 oozes (D:2)
  2 worms (D:3)
  A dart slug (D:1)
  3 leopard geckos
  11 orcs
  5 giant cockroaches
  3 goblins
  4 hobgoblins
  4 jackals
  9 kobolds
  2 quokkas
  5 bats
  A frilled lizard (D:2)
  8 rats
69 creatures vanquished.

Notes
Turn   | Place    | Note
-------+----------+-------------------------------------------
     0 | D:1      | Freyura the Vampire Assassin began the quest for the Orb.
     0 | D:1      | Reached XP level 1. HP: 16/16 MP: 1/1
    36 | D:1      | Reached skill level 6 in Stealth
   367 | D:1      | Reached XP level 2. HP: 22/22 MP: 2/2
  1043 | D:2      | Found a white marble altar of Elyvilon.
  1072 | D:2      | Reached XP level 3. HP: 21/27 MP: 3/3
  1493 | D:2      | Noticed an ice beast
  1496 | D:2      | Killed an ice beast
  1496 | D:2      | Reached skill level 7 in Stealth
  1496 | D:2      | Reached XP level 4. HP: 34/34 MP: 4/4
  1543 | D:2      | Reached XP level 5. HP: 39/39 MP: 5/5
  2334 | D:3      | Found a blossoming altar of Fedhas.
  2380 | D:3      | Found an opulent altar of Gozag.
  3474 | D:4      | Reached XP level 6. HP: 47/47 MP: 6/6
  3518 | D:4      | Slain by a gnoll

Skill      XL: |  1  2  3  4  5 |
---------------+----------------+-----
Stealth        | 6 7 |  7.6
Fighting       | 2 3 |  3.0
Short Blades   | 3 4 |  4.6
Dodging        | 2 |  2.8
Throwing       | |  1.7

Action                   |  1- 3 |  4- 6 || total
-------------------------+-------+-------++-------
Melee: Dagger            |    78 |   115 ||   193
       Bite              |    12 |    12 ||    24
 Fire: Blowgun           |       |     3 ||     3
  Use: Scroll            |       |     2 ||     2
       Potion            |       |     2 ||     2
 Stab: Sleeping          |    11 |    17 ||    28
Armor: Robe              |    13 |    11 ||    24
Dodge: Dodged            |    32 |    62 ||    94
